 Dungeon Crawl Stone Soup version 0.28.0-43-g3370ac3207 (webtiles) character file.

Game seed: 7454466407781933932

44 mortz the Magician (level 3, -5/24 HPs)
             Began as a Human Hedge Wizard on Mar 1, 2022.
             Slain by a hobgoblin
             ... wielding a +0 battleaxe
              (15 damage)
             ... on level 1 of the Dungeon.
             The game lasted 00:10:08 (1515 turns).

mortz the Magician (Human Hedge Wizard)             Turns: 1515, Time: 00:10:09

Health: -5/24      AC:  3    Str: 10    XL:     3   Next: 85%
Magic:  2/8        EV: 12    Int: 16    God:
Gold:   42         SH:  0    Dex: 12    Spells: 6/10 levels left

rFire   . . .      SeeInvis .   h - +0 short sword {short}
rCold   . . .      Faith    .   (no shield)
rNeg    . . .      Spirit   .   b - +0 robe
rPois   .          Reflect  .   c - +0 hat
rElec   .          Harm     .   (no cloak)
rCorr   .          Rampage  .   (no gloves)
Will    +....                   k - +0 pair of boots
Stlth   ++........              (no amulet)
HPRegen 0.08/turn               j - ring of willpower
MPRegen 0.11/turn               (no ring)

@: no status effects
A: no striking features
a: no special abilities


You were on level 1 of the Dungeon.
You visited 1 branch of the dungeon, and saw 2 of its levels.

You collected 42 gold pieces.


   Skills:
 + Level 0.2 Short Blades
 + Level 2.2 Dodging
 + Level 2.0 Stealth
 + Level 4.0 Spellcasting
 + Level 1.2 Conjurations
 + Level 1.0 Summonings
 + Level 1.0 Translocations


You had 6 spell levels left.
You knew the following spells:

 Your Spells              Type           Power      Damage    Failure   Level
a - Magic Dart            Conj           28%        1d4       10%         1
b - Slow                  Hex            12%        N/A       17%         1
c - Blink                 Tloc           12%        N/A       17%         2

Your spell library contained the following spells:

 Spells                   Type           Power      Damage    Failure   Level
 Call Imp                 Summ           6%         N/A       17%         2
 Conjure Flame            Conj/Fire      5%         6-21      36%         3
 Mephitic Cloud           Conj/Pois/Air  4%         N/A       38%         3

Inventory:

Hand Weapons
 a - a +0 dagger {short}
 h - a +0 short sword (weapon) {short}
   (You took it off a kobold on level 1 of the Dungeon)
Missiles
 d - 54 stones {throwing}
Armour
 b - a +0 robe (worn)
 c - a +0 hat (worn)
 k - a +0 pair of boots (worn)
   (You found it on level 1 of the Dungeon)
 l - a +0 leather armour
   (You found it on level 2 of the Dungeon)
Jewellery
 j - a ring of willpower (left hand)
   (You found it on level 1 of the Dungeon)
Scrolls
 e - a scroll of fear {unknown}
 f - a scroll of immolation {unknown}
 g - a scroll of teleportation {unknown}
 i - a scroll of noise {unknown}

Dungeon Overview and Level Annotations

Branches:
Dungeon (2/15)

Altars:

Annotations:
D:2 Terence

#. #. ################## #.
#..........#.....# #.
#..........#.....# #.
#..........#.....# #.
#................# ##
#......g.........# #
####.......@..#.....########
#...........................
#...#####..............#####
#...######.#.##.............
#...#..............#.......#
#...........................
#...............####........
#..............## #....#####
#...#..........# #...## #


You could see a hobgoblin.


Message History

You hit the worm. The worm barely misses you.
You hit the worm. The worm bites you. 😕 HP[-5]
You take 5 damage, and now have 19/24 hp.
MASSIVE DAMAGE!! (PAUSE)
You hit the worm. You hit the worm. The worm misses you.
You hit the worm.
You kill the worm!
You start resting. 😕 HP[+4] MP[+7]
You regained 4 hp, and now have 23/24 hp.
Your mp is fully restored (8).
You see here a worm corpse.
A hobgoblin comes into view. It is wielding a +0 battleaxe. 😎 HP[+1]
Your hp is fully restored (24).
Aiming: Magic Dart (safe; 10% risk of failure)
Press: ? - help, Q - select action, (/) - cycle Shift-Dir - straight line, f - hobgoblin
Aim: a hobgoblin, wielding a +0 battleaxe and wearing a +0 chain mail (wandering, hasn't noticed you, 100% to hit)
The magic dart hits the hobgoblin but does no damage.
The hobgoblin shouts! 😎 MP[-1]
You lost 1 mp, and now have 7/8 mp.
Aiming: Magic Dart (safe; 10% risk of failure)
Press: ? - help, Q - select action, (/) - cycle Shift-Dir - straight line, f/p - hobgoblin
Aim: a hobgoblin, wielding a +0 battleaxe and wearing a +0 chain mail (100% to hit)
The magic dart hits the hobgoblin but does no damage.
The hobgoblin misses you. 😎 MP[-1]
You lost 1 mp, and now have 6/8 mp.
Aiming: Magic Dart (safe; 10% risk of failure)
Press: ? - help, Q - select action, (/) - cycle Shift-Dir - straight line, f/p - hobgoblin
Aim: a hobgoblin, wielding a +0 battleaxe and wearing a +0 chain mail (100% to hit)
The magic dart hits the hobgoblin but does no damage.
The hobgoblin hits you with a +0 battleaxe. 😕 HP[-3] MP[-1]
You take 3 damage, and now have 21/24 hp.
You lost 1 mp, and now have 5/8 mp.
Aiming: Magic Dart (safe; 10% risk of failure)
Press: ? - help, Q - select action, (/) - cycle Shift-Dir - straight line, f/p - hobgoblin
Aim: a hobgoblin, wielding a +0 battleaxe and wearing a +0 chain mail (100% to hit)
The magic dart hits the hobgoblin.
The hobgoblin closely misses you. 😕 MP[-1]
You lost 1 mp, and now have 4/8 mp.
Aiming: Magic Dart (safe; 10% risk of failure)
Press: ? - help, Q - select action, (/) - cycle Shift-Dir - straight line, f/p - hobgoblin
Aim: a hobgoblin, wielding a +0 battleaxe and wearing a +0 chain mail (moderately wounded, 100% to hit)
The magic dart hits the hobgoblin.
The hobgoblin closely misses you. 😕 MP[-1]
You lost 1 mp, and now have 3/8 mp.
Aiming: Magic Dart (safe; 10% risk of failure)
Press: ? - help, Q - select action, (/) - cycle Shift-Dir - straight line, f/p - hobgoblin
Aim: a hobgoblin, wielding a +0 battleaxe and wearing a +0 chain mail (severely wounded, 100% to hit)
The magic dart hits the hobgoblin but does no damage.
The hobgoblin misses you. 😕 MP[-1]
You lost 1 mp, and now have 2/8 mp.
Aiming: Magic Dart (safe; 10% risk of failure)
Press: ? - help, Q - select action, (/) - cycle Shift-Dir - straight line, f/p - hobgoblin
Aim: a hobgoblin, wielding a +0 battleaxe and wearing a +0 chain mail (severely wounded, 100% to hit)
The magic dart hits the hobgoblin but does no damage.
The hobgoblin closely misses you. 😕 MP[-1]
You lost 1 mp, and now have 1/8 mp.
Aiming: Magic Dart (safe; 10% risk of failure)
Press: ? - help, Q - select action, (/) - cycle Shift-Dir - straight line, f/p - hobgoblin
Aim: a hobgoblin, wielding a +0 battleaxe and wearing a +0 chain mail (severely wounded, 100% to hit)
The magic dart hits the hobgoblin but does no damage.
The hobgoblin barely misses you. 😕 MP[-1]
You lost 1 mp, and now have 0/8 mp. 😕 MP[+1] 😕 HP[+1] 😕 MP[+1]
There is an open door here.
You see here a ball python skeleton. 😕 HP[+1] MP[+1]
There is an escape hatch in the ceiling here.
The hobgoblin hits you with a +0 battleaxe!
Ouch! That really hurt!
* * * LOW HITPOINT WARNING * * *
A mysterious force pulls you upwards.
The hatch slams shut behind you. 😨 HP[-13]
You take 13 damage, and now have 10/24 hp.
MASSIVE DAMAGE!! (PAUSE)
Aiming: Magic Dart (safe; 10% risk of failure)
Press: ? - help, Q - select action, (/) - cycle Shift-Dir - straight line, f - hobgoblin
Aim: a hobgoblin, wielding a +0 battleaxe and wearing a +0 chain mail (heavily wounded, 100% to hit)
The magic dart hits the hobgoblin but does no damage.
The hobgoblin closely misses you.
Aiming: Magic Dart (safe; 10% risk of failure)
Press: ? - help, Q - select action, (/) - cycle Shift-Dir - straight line, f/p - hobgoblin
Aim: a hobgoblin, wielding a +0 battleaxe and wearing a +0 chain mail (heavily wounded, 100% to hit)
The magic dart hits the hobgoblin but does no damage.
The hobgoblin hits you with a +0 battleaxe!
Ouch! That really hurt!
You die...

Skill      XL: |  1  2  3 |
---------------+----------+-----
Spellcasting   | 4 |  4.0
Short Blades   | |  0.2
Dodging        | |  2.2
Stealth        | |  2.0
Conjurations   | |  1.2
Summonings     | |  1.0
Translocations | |  1.0

Action                   || total
-------------------------++-------
Melee: Dagger            ||    14
       Short sword       ||    10
 Cast: Magic Dart        ||    65
Armor: Robe              ||     6
Dodge: Dodged            ||    33

Levels and vault maps discovered:
D:1:      denvon_arrival_waterhouse, layout_rooms,
          shapermc_ecumenical_altar_mp_highgroup
D:2:      layout_basic, serial_shops, nicolae_shop_bloodbath_and_beyond,
          basic_altar, minmay_misc_feat_tiny, minmay_crystal_room, uniq_terence

Notes
Turn   | Place    | Note
-------+----------+-------------------------------------------
     0 | D:1      | mortz the Human Hedge Wizard began the quest for the Orb.
     0 | D:1      | Reached XP level 1. HP: 13/13 MP: 4/4
     0 | D:1      | magus.rc [v1.9.6]
   308 | D:1      | Reached XP level 2. HP: 19/19 MP: 3/6
   845 | D:1      | Found a faded altar of an unknown god.
  1013 | D:2      | Noticed Terence
  1045 | D:2      | Reached XP level 3. HP: 12/24 MP: 0/8
  1049 | D:2      | HP: 6/24 [poisoned by an adder]
  1303 | D:2      | Reached skill level 4 in Spellcasting
  1305 | D:2      | Learned a level 1 spell: Slow
  1308 | D:2      | Learned a level 2 spell: Blink
  1515 | D:1      | Slain by a hobgoblin

Vanquished Creatures
  2 adders (D:2)
  A worm (D:2)
  3 bats (D:1)
  An endoplasm (D:1)
  2 goblins
  3 hobgoblins
  3 kobolds (D:1)
  4 ball pythons
  3 frilled lizards (D:1)
  2 rats
24 creatures vanquished.

Table legend:
 A = Non-vault XP
 B = Vault XP
 C = Vault XP percentage of total XP
 D = Non-vault monster count
 E = Vault monster count
 F = Vault count percentage of total count
                 A         B        C        D         E       F
            +---------+---------+-------+---------+---------+-------
      Total |      63 |       0 |   0.0 |      24 |       0 |   0.0
            +---------+---------+-------+---------+---------+-------
        D:1 |      26 |       0 |   0.0 |      17 |       0 |   0.0
        D:2 |      37 |       0 |   0.0 |       7 |       0 |   0.0
            +---------+---------+-------+---------+---------+-------

Illustrated notes

Table legend:
 A = Kills in this place as a percentage of kills in entire the game.
 B = Kills by you in this place as a percentage of kills by you in the entire game.
 C = Kills by friends in this place as a percentage of kills by friends in the entire game.
 D = Other kills in this place as a percentage of other kills in the entire game.
 E = Experience gained in this place as a percentage of experience gained in the entire game.
 F = Experience gained in this place divided by the number of levels of this place that you have seen.
                   A       B       C       D       E      F
               +-------+-------+-------+-------+-------+----------------------
         Total | 100.0 | 100.0 |   N/A |   N/A | 100.0 |  31.5
       Dungeon | 100.0 | 100.0 |   N/A |   N/A | 100.0 |  31.5
               +-------+-------+-------+-------+-------+----------------------

Table legend: (Time is in decaauts)
 A = Elapsed time spent in this place.
 B = Non-inter-level travel time spent in this place.
 C = Inter-level travel time spent in this place.
 D = Time resting spent in this place.
 E = Time spent auto-exploring this place.
 F = Levels seen in this place.
 G = Mean time per level.
                   A        B        C        D        E       F      G
               +--------+--------+--------+--------+--------+-----+--------+
         Total |   1515 |   1489 |     26 |    673 |    463 |   2 |  757.5 |
       Dungeon |   1515 |   1489 |     26 |    673 |    463 |   2 |  757.5 |
               +--------+--------+--------+--------+--------+-----+--------+

Top non-repeatable levels by time:
     D:1: 948 daAuts
     D:2: 566 daAuts
